 Dungeon Crawl Stone Soup version 0.26-a0-812-g31a745ddcd (webtiles) character file.

Game seed: 5704507419746577244

352 vishdafish the Slasher (level 6, -4/48 HPs)
             Began as a Demonspawn Fighter on Nov 29, 2020.
             Slain by an ice beast (8 damage)
             ... on level 3 of the Dungeon.
             The game lasted 00:05:18 (2742 turns).

vishdafish the Slasher (Demonspawn Fighter)         Turns: 2742, Time: 00:05:19

Health: -4/48      AC: 11    Str: 18    XL:     6   Next: 34%
Magic:  6/6        EV:  4    Int:  9    God:
Gold:   148        SH:  9    Dex: 17    Spells: 5/5 levels left

rFire    . . .     SeeInvis .   r - +1 falchion (vamp)
rCold    . . .     Faith    .   c - +0 kite shield
rNeg     . . .     Spirit   .   d - +0 chain mail
rPois    .         Reflect  .   g - +0 helmet
rElec    .         Harm     .   (no cloak)
rCorr    .         Rampage  .   (no gloves)
MR       .....                  j - +0 pair of boots
Stlth    +.........             (no amulet)
HPRegen  0.16/turn              (no ring)
MPRegen  0.10/turn              (no ring)

@: lightly drained
A: talons 1, thin skeletal structure 2
a: no special abilities


You were on level 3 of the Dungeon.
You visited 1 branch of the dungeon, and saw 3 of its levels.

You collected 148 gold pieces.

Inventory:

Hand Weapons
 a - a +0 long sword
 r - a +1 vampiric falchion (weapon)
Missiles
 m - 19 poisoned darts (quivered)
Armour
 b - a +0 scale mail
 c - a +0 kite shield (worn)
 d - a +0 chain mail (worn)
 g - a +0 helmet (worn)
 j - a +0 pair of boots (worn)
Scrolls
 e - 2 scrolls of identify {unknown}
 l - a scroll of enchant weapon {unknown}
 n - 2 scrolls of remove curse {unknown}
 p - a scroll of teleportation {unknown}
 q - 3 scrolls of random uselessness {unknown}
Potions
 f - a potion of mutation {unknown}
 h - 2 potions of flight {unknown}
 i - 2 potions of haste {unknown}
 k - a potion of resistance {unknown}
 o - a potion of degeneration {unknown}
 s - a potion of brilliance {unknown}


   Skills:
 + Level 4.1(3.9) Fighting
 * Level 4.1(3.9) Long Blades
 + Level 3.7(3.5) Armour
 + Level 3.7(3.5) Shields


You had 5 spell levels left.
You didn't know any spells.
Your spell library was empty.

Dungeon Overview and Level Annotations

Branches:
Dungeon (3/15)

Altars:
Ru
Uskayaw
Wu Jian


Innate Abilities, Weirdness & Mutations

You have sharp toenails.
You have a moderately thin skeletal structure. (Dex +4, Stealth+)


Message History

The ice beast hits you. The ice beast freezes you.
* * * LOW HITPOINT WARNING * * *
You hit the ice beast but do no damage.
The ice beast is severely wounded.
The ice beast hits you but does no damage.
You completely miss the ice beast.
The ice beast is severely wounded.
The ice beast hits you.
* * * LOW HITPOINT WARNING * * *
The ice beast freezes you!
* * * LOW HITPOINT WARNING * * *
You closely miss the ice beast.
The ice beast is severely wounded.
The ice beast hits you but does no damage.
You hit the ice beast.
You feel better.
The ice beast is severely wounded.
The ice beast hits you.
* * * LOW HITPOINT WARNING * * *
The ice beast freezes you!
You die...

#...####.##.... #
#####.........#... ..
#.........>.[.#... .#.
..............#... ...
#...........#.#..# .l
#####.........#..##.#..#
#...##### #.l..>...#
###...## ##Y#######
#......# #@# #.##.#.#
###.####
###.##.#.#####......#
.)..##.........#.##.######
##..##.#.####..#†........#
##....###.###..####)####..
.....#.#....#..####.#
##...# .#.#.........#
...#.# .......)######


You could see an ice beast and a leopard gecko.

Vanquished Creatures
  An ogre (D:3)
  3 orc priests
  3 orc wizards (D:3)
  2 adders (D:2)
  2 worms (D:2)
  A dart slug (D:1)
  A leopard gecko (D:2)
  12 orcs
  2 giant cockroaches
  6 goblins
  4 hobgoblins (D:1)
  5 jackals
  4 quokkas
  5 bats
  3 frilled lizards
  4 kobolds
  6 rats
64 creatures vanquished.

Notes
Turn   | Place    | Note
-------+----------+-------------------------------------------
     0 | D:1      | vishdafish the Demonspawn Fighter began the quest for the
                  | Orb.
     0 | D:1      | Reached XP level 1. HP: 18/18 MP: 1/1
   216 | D:1      | Gained mutation: You have a somewhat thin skeletal
                  | structure. (Dex +2, Stealth) [demonic ancestry]
   216 | D:1      | Reached XP level 2. HP: 16/24 MP: 2/2
  1114 | D:2      | Gained mutation: You have a moderately thin skeletal
                  | structure. (Dex +4, Stealth+) [demonic ancestry]
  1114 | D:2      | Reached XP level 3. HP: 25/29 MP: 3/3
  1226 | D:2      | Found an ornate altar of the Wu Jian Council.
  1283 | D:2      | Found a sacrificial altar of Ru.
  1339 | D:2      | Reached XP level 4. HP: 18/35 MP: 4/4
  1548 | D:2      | Found a hide-covered altar of Uskayaw.
  1651 | D:3      | Noticed an ogre
  1690 | D:3      | Killed an ogre
  1690 | D:3      | Gained mutation: You have sharp toenails. [demonic
                  | ancestry]
  1690 | D:3      | Reached XP level 5. HP: 11/42 MP: 5/5
  2474 | D:3      | Reached XP level 6. HP: 43/48 MP: 6/6
  2723 | D:3      | Noticed an ice beast
  2742 | D:3      | Slain by an ice beast

Illustrated notes

Levels and vault maps discovered:
D:1:      saegor_arrival_simple_d, layout_basic, minmay_indecisive_spiral
D:2:      layout_basic, eat_drink_and_be_merry_uskayaw,
          nicolae_overflow_hidden_temple, nicolae_overflow_crystal_walls,
          minmay_pentomino_q2
D:3:      layout_loops_cross, minmay_crystal_room

Skill      XL: |  1  2  3  4  5  6 |
---------------+-------------------+-----
Long Blades    | 2 3 4 |  4.1
Armour         | 3 |  3.7
Shields        | 3 |  3.7
Fighting       | 4 |  4.1

Action                   |  1- 3 |  4- 6 || total
-------------------------+-------+-------++-------
Melee: Long sword        |   101 |   108 ||   209
       Falchion          |       |    22 ||    22
Throw: Dart              |     2 |     1 ||     3
  Use: Potion            |       |     1 ||     1
 Stab: Sleeping          |       |     1 ||     1
Armor: Scale mail        |    44 |    16 ||    60
       Chain mail        |       |    55 ||    55
Dodge: Dodged            |    33 |    33 ||    66
Block: Kite shield       |    54 |    73 ||   127
       Rpst.: Long sword |    12 |    10 ||    22
       Falchion          |       |     3 ||     3

Table legend: (Time is in decaauts)
 A = Elapsed time spent in this place.
 B = Non-inter-level travel time spent in this place.
 C = Inter-level travel time spent in this place.
 D = Time resting spent in this place.
 E = Time spent auto-exploring this place.
 F = Levels seen in this place.
 G = Mean time per level.
                   A        B        C        D        E       F      G
               +--------+--------+--------+--------+--------+-----+--------+
         Total |   2829 |   2667 |    162 |    886 |   1200 |   3 |  943.0 |
       Dungeon |   2829 |   2667 |    162 |    886 |   1200 |   3 |  943.0 |
               +--------+--------+--------+--------+--------+-----+--------+

Top non-repeatable levels by time:
     D:2: 1241 daAuts
     D:1: 939 daAuts
     D:3: 648 daAuts
